[Event "Team 45 45 League T97"]
[Site "Internet Chess Club"]
[Date "2023.09.11"]
[Round "5"]
[White "Denis240964"]
[Black "herrahuu"]
[Result "1-0"]
[WhiteElo "1373"]
[BlackElo "1384"]
[Opening "Caro-Kann: classical variation"]
[ECO "B18"]
[Time "10:30:07"]
[PlyCount "120"]
[TimeControl "2700+45"]

1. e4 c6 2. d4 d5 3. Nc3 dxe4 4. Nxe4 Bf5 5. Ng3 Bg6 6. c3 Nf6 7. Nf3 Nbd7 8.
Be2 e6 9. O-O Bd6 10. Re1 O-O 11. Qb3 b5 12. Bf1 a5 13. Bg5 a4 14. Qd1 h6 15.
Bh4 Qc7 16. Bd3 Bxd3 17. Qxd3 g5 18. Nxg5 hxg5 19. Bxg5 Bf4 20. Bxf4 Qxf4 21.
Qe3 Qxe3 22. fxe3 e5 23. Rad1 e4 24. Rf1 Ng4 25. Rde1 f5 26. h3 Nh6 27. Rf4 Rf7
28. Nh5 Nf6 29. Nxf6+ Rxf6 30. g4 Rg6 31. Kh2 Rf8 32. Ref1 Rf7 33. gxf5 Rgf6 34.
Rxe4 Rxf5 35. Rg1+ Kf8 36. Rg2 Rf3 37. Re6 R7f6 38. Rxf6+ Rxf6 39. e4 Kf7 40. e5
Rf3 41. Re2 Ke6 42. Rg2 Nf5 43. Rg6+ Kd5 44. Rf6 Rf2+ 45. Kg1 Rf3 46. Kg2 Ke4
47. Rxc6 Ke3 48. Rf6 Rf2+ 49. Kg1 Rf3 50. d5 Nh4 51. d6 Rxf6 52. exf6 Nf3+ 53.
Kg2 Ne5 54. Kg3 Kd3 55. Kf4 Nf7 56. d7 Kc2 57. Kf5 Kxb2 58. Ke6 Ng5+ 59. Ke7
Kxa2 60. d8=Q Kb2 {Black resigns} 1-0

[Event "Team 45 45 League T97"]
[Site "Internet Chess Club"]
[Date "2023.09.07"]
[Round "5"]
[White "ARMAND02019"]
[Black "Portola"]
[Result "1/2-1/2"]
[WhiteElo "1596"]
[BlackElo "1699"]
[Opening "French: advance, Euwe variation"]
[ECO "C02"]
[Time "19:08:27"]
[PlyCount "73"]
[TimeControl "2700+45"]

1. e4 e6 2. d4 d5 3. e5 c5 4. Nf3 Nc6 5. c3 Bd7 6. Be2 c4 7. O-O b5 8. b4 a5 9.
bxa5 Qxa5 10. Qc2 b4 11. cxb4 Nxb4 12. Qb2 Na6 13. a3 Rb8 14. Qc2 Ne7 15. Bd2
Qc7 16. Nc3 Qc6 17. Rfb1 Rxb1+ 18. Qxb1 Nc8 19. Ne1 Be7 20. f4 O-O 21. Bd1 Nb6
22. Bc2 g6 23. Nf3 Rb8 24. Qc1 Qc8 25. Na2 Na4 26. Nb4 Nxb4 27. axb4 Qe8 28.
Bxa4 Bxa4 29. Qa3 Bc6 30. Rb1 Ra8 31. Qc1 Bb5 32. Bc3 Qc6 33. Ra1 Ra4 34. Rxa4
Bxa4 35. Qb2 Qb5 36. Nd2 Bf8 37. g3 {Game drawn by mutual agreement} 1/2-1/2

[Event "Team 45 45 League T97"]
[Site "Internet Chess Club"]
[Date "2023.09.10"]
[Round "5"]
[White "rubo"]
[Black "Signofthetimes"]
[Result "1-0"]
[WhiteElo "1534"]
[BlackElo "1571"]
[Opening "Queen's pawn"]
[ECO "A40"]
[Time "22:00:27"]
[PlyCount "85"]
[TimeControl "2700+45"]

1. d4 c6 2. Bf4 d5 3. c3 Nf6 4. e3 Bf5 5. Qb3 Qb6 6. Nd2 e6 7. Ngf3 Be7 8. Be2
O-O 9. Nh4 Qxb3 10. axb3 Ne4 11. Nxf5 exf5 12. b4 Nd7 13. f3 Nxd2 14. Kxd2 Rfe8
15. Ra2 g5 16. Bg3 Nf6 17. Bd3 f4 18. exf4 gxf4 19. Bxf4 Nh5 20. Be3 Bd6 21. g3
a6 22. Rha1 Re6 23. Re1 Ng7 24. b5 a5 25. bxc6 bxc6 26. b4 a4 27. Rea1 Rae8 28.
Bf2 Nh5 29. Rxa4 Nf6 30. Ra6 Bf8 31. b5 Bh6+ 32. f4 Ne4+ 33. Bxe4 Rxe4 34. Re1
Bf8 35. Rxc6 Ra8 36. Ra6 Rae8 37. Rxe4 dxe4 38. Ke3 Kg7 39. c4 f5 40. b6 Re6 41.
c5 Kf6 42. Ra8 Bg7 43. b7 {Black resigns} 1-0

[Event "Team 45 45 League T97"]
[Site "Internet Chess Club"]
[Date "2023.09.06"]
[Round "5"]
[White "Kingofknights"]
[Black "nosir"]
[Result "1-0"]
[WhiteElo "1581"]
[BlackElo "1431"]
[Opening "Old Indian defense"]
[ECO "A42"]
[Time "18:00:46"]
[PlyCount "81"]
[TimeControl "2700+45"]

1. d4 d6 2. c4 c6 3. Nc3 Qa5 4. e4 Nf6 5. Bd3 e5 6. d5 Be7 7. Ne2 Na6 8. f3 Nc5
9. Bc2 cxd5 10. cxd5 O-O 11. Be3 a6 12. a3 Qc7 13. b4 Ncd7 14. Rc1 b5 15. Bd3
Qd8 16. O-O h6 17. h3 Nh7 18. f4 exf4 19. Nxf4 Ne5 20. Bd4 Nxd3 21. Qxd3 Nf6 22.
Nfe2 Nd7 23. Qg3 Nf6 24. e5 dxe5 25. Bxe5 Nh5 26. Qf3 Qb6+ 27. Bd4 Qg6 28. Ne4
f5 29. Nc5 Nf6 30. Nf4 Qe8 31. Nfe6 Bxe6 32. Nxe6 Ne4 33. Rc2 Ng5 34. Nxg5 Bxg5
35. d6 Rc8 36. Qd5+ Qf7 37. Qxf7+ Kxf7 38. Rxf5+ Ke6 39. Rxf8 Rxf8 40. Re2+ Kxd6
41. Bc5+ {Black resigns} 1-0

[Event "Team 45 45 League T97"]
[Site "Internet Chess Club"]
[Date "2023.09.10"]
[Round "5"]
[White "SeniorCitizen"]
[Black "tightfist"]
[Result "0-1"]
[WhiteElo "1156"]
[BlackElo "1425"]
[Opening "French: advance, Wade variation"]
[ECO "C02"]
[Time "13:01:29"]
[PlyCount "86"]
[TimeControl "2700+45"]

1. e4 e6 2. d4 d5 3. e5 c5 4. c3 Bd7 5. Nf3 Qb6 6. Be2 Nc6 7. O-O cxd4 8. cxd4
Nge7 9. Na3 a6 10. Nc2 Nf5 11. b3 Be7 12. Re1 O-O 13. Bf1 Rac8 14. Ba3 Bxa3 15.
Nxa3 Ncxd4 16. Nxd4 Nxd4 17. Rc1 Rxc1 18. Qxc1 Rc8 19. Qd2 Nf5 20. Rc1 Rxc1 21.
Qxc1 h6 22. Bd3 Qc6 23. Qxc6 Bxc6 24. Bxf5 exf5 25. f4 g5 26. g3 Kf8 27. Kf2 Ke7
28. Ke3 f6 29. Kd4 Ke6 30. Nc2 fxe5+ 31. fxe5 h5 32. b4 Ba4 33. Ne3 Bc6 34. Ng2
b6 35. a3 Ba4 36. Ne3 Bb3 37. Ng2 a5 38. bxa5 bxa5 39. Ne3 f4 40. gxf4 gxf4 41.
Ng2 f3 42. Nf4+ Kf5 43. Nxd5 Bxd5 {White resigns} 0-1

[Event "Team 45 45 League T97"]
[Site "Internet Chess Club"]
[Date "2023.09.11"]
[Round "5"]
[White "Lawkeito"]
[Black "pmarcal"]
[Result "1/2-1/2"]
[WhiteElo "1780"]
[BlackElo "1701"]
[Opening "QGD: classical variation (5.Bf4)"]
[ECO "D30"]
[Time "20:02:33"]
[PlyCount "98"]
[TimeControl "2700+45"]

1. d4 d5 2. c4 e6 3. Nf3 Be7 4. Nc3 Nf6 5. Bf4 O-O 6. e3 b6 7. Be2 Bb7 8. cxd5
exd5 9. O-O a6 10. Rc1 Nbd7 11. h3 Rc8 12. Ne5 Nxe5 13. Bxe5 Bd6 14. Bxd6 Qxd6
15. Qb3 Rfe8 16. a3 Re7 17. Qa4 Qd7 18. Qxd7 Rxd7 19. g4 h6 20. Bd3 Re7 21. Ne2
Ne4 22. Rfd1 Rce8 23. b4 Ra8 24. Rc2 Nd6 25. Rdc1 c6 26. Ng3 g6 27. Nf1 b5 28.
Nd2 a5 29. Nb3 axb4 30. axb4 Nc4 31. Bxc4 bxc4 32. Na5 Ra6 33. Ra1 Rb6 34. Rb1
Rb5 35. Kf1 Rc7 36. Ke1 Bc8 37. e4 h5 38. f3 hxg4 39. fxg4 Rb6 40. e5 Ra7 41.
Ra2 Raa6 42. Kd2 Rb5 43. Kc3 Rab6 44. Rab2 Be6 45. Rg1 Bd7 46. h4 Kg7 47. Rg3
Rb8 48. Rgg2 R5b6 49. Rg1 Rb5 {Game drawn by mutual agreement} 1/2-1/2

[Event "Team 45 45 League T97"]
[Site "Internet Chess Club"]
[Date "2023.09.10"]
[Round "5"]
[White "magiclydonkey"]
[Black "garytd"]
[Result "1-0"]
[WhiteElo "1608"]
[BlackElo "1407"]
[Opening "Sicilian: accelerated fianchetto, modern variation with Bc4"]
[ECO "B35"]
[Time "13:00:15"]
[PlyCount "85"]
[TimeControl "2700+45"]

1. e4 c5 2. Nf3 g6 3. d4 cxd4 4. Nxd4 Nc6 5. Be3 Nf6 6. Nc3 Bg7 7. Bc4 O-O 8.
Bb3 Ng4 9. Qxg4 Nxd4 10. Qd1 Nxb3 11. axb3 a6 12. Nd5 d6 13. Bb6 Qd7 14. Bd4 Qd8
15. Nb6 Rb8 16. O-O Bd7 17. Kh1 Bc6 18. f3 Bh6 19. Qe2 e6 20. Rfd1 Qe7 21. c4
Rbd8 22. b4 Qg5 23. Ra5 Qe7 24. b5 axb5 25. cxb5 Bd7 26. Qc4 e5 27. Bf2 Be6 28.
Qd3 Qc7 29. Ra3 f5 30. Rc3 Qe7 31. Be3 Bxe3 32. Qxe3 fxe4 33. fxe4 Bg4 34. Rdc1
Qf7 35. h3 Be6 36. Rc7 Qf2 37. Qg5 Qxb6 38. Qe7 Rf7 39. Qxd8+ Rf8 40. Qe7 Rf7
41. Qxe6 Qf2 42. Qxf7+ Qxf7 43. Rxf7 {Black resigns} 1-0

[Event "Team 45 45 League T97"]
[Site "Internet Chess Club"]
[Date "2023.09.07"]
[Round "5"]
[White "ChessG2011"]
[Black "keithuws1"]
[Result "0-1"]
[WhiteElo "1418"]
[BlackElo "1442"]
[Opening "Giuoco Pianissimo: Italian four knights variation"]
[ECO "C55"]
[Time "21:02:05"]
[PlyCount "64"]
[TimeControl "2700+45"]

1. e4 e5 2. Nf3 Nc6 3. Bc4 Nf6 4. Nc3 Bc5 5. d3 d6 6. h3 O-O 7. Bg5 Be6 8. Bd5
Nd4 9. Nxd4 exd4 10. Na4 Bxd5 11. exd5 Qe8+ 12. Qe2 Qxa4 13. b3 Qa5+ 14. Kf1
Nxd5 15. Qg4 f5 16. Qf3 c6 17. a3 Rae8 18. b4 Nxb4 19. g3 Nxc2 20. Rc1 Re1+ 21.
Rxe1 Qxe1+ 22. Kg2 Bxa3 23. Rxe1 Nxe1+ 24. Kg1 Nxf3+ 25. Kg2 Nxg5 26. f4 Nxh3
27. Kxh3 b5 28. Kg2 b4 29. Kf2 Re8 30. Kf3 b3 31. Kf2 b2 32. Kg2 b1=Q {White
resigns} 0-1

[Event "Team 45 45 League T97"]
[Site "Internet Chess Club"]
[Date "2023.09.07"]
[Round "5"]
[White "cyborg86"]
[Black "bobhill"]
[Result "1-0"]
[WhiteElo "2254"]
[BlackElo "1899"]
[Opening "Queen's pawn, Mason variation"]
[ECO "D82"]
[Time "23:03:22"]
[PlyCount "73"]
[TimeControl "2700+45"]

1. d4 d5 2. Bf4 Nf6 3. e3 g6 4. c4 Bg7 5. Nc3 c6 6. Qb3 O-O 7. Nf3 Qa5 8. h4
Nbd7 9. Rc1 Re8 10. Be2 e6 11. O-O Nh5 12. Bh2 Qd8 13. Rfd1 Nb6 14. c5 Nd7 15.
e4 Bh6 16. Rb1 Nf4 17. Bf1 Qe7 18. Re1 Nf6 19. Ng5 N4h5 20. Bd6 Qd8 21. Rbd1 Ng4
22. f3 Ngf6 23. Qc2 Nd7 24. b4 Bxg5 25. hxg5 Qxg5 26. exd5 cxd5 27. Nb5 Ndf6 28.
Nc7 Bd7 29. Nxa8 Rxa8 30. b5 Rc8 31. Qc1 Qh4 32. Qh6 Kh8 33. Be5 a6 34. c6 bxc6
35. b6 c5 36. b7 Rg8 37. g3 {Black resigns} 1-0

[Event "Team 45 45 League T97"]
[Site "Internet Chess Club"]
[Date "2023.09.09"]
[Round "5"]
[White "Beetlejuice"]
[Black "timcent"]
[Result "0-1"]
[WhiteElo "1676"]
[BlackElo "1918"]
[Opening "English: Sicilian reversed"]
[ECO "A25"]
[Time "09:00:53"]
[PlyCount "56"]
[TimeControl "2700+45"]

1. c4 e5 2. Nc3 Nc6 3. g3 Bc5 4. Bg2 d6 5. e3 Bf5 6. d3 Qd7 7. a3 a5 8. Nge2 Bh3
9. O-O h5 10. f4 h4 11. Rf2 hxg3 12. hxg3 Bxg2 13. Rxg2 Nf6 14. Kf1 Ng4 15. d4
Ba7 16. Qd3 O-O-O 17. dxe5 Qe6 18. Qe4 Nh2+ 19. Kg1 Qh3 20. Nd4 Ng4 21. Kf1 Nxd4
22. exd4 dxe5 23. Nb5 Bxd4 24. Bd2 Qh1+ 25. Ke2 Qxa1 26. Qf5+ Kb8 27. Qxg4 Rh1
28. Nxd4 Qd1+ {White resigns} 0-1

[Event "Team 45 45 League T97"]
[Site "Internet Chess Club"]
[Date "2023.09.07"]
[Round "5"]
[White "smsxman"]
[Black "discipulo"]
[Result "0-1"]
[WhiteElo "1419"]
[BlackElo "1721"]
[Opening "Queen's pawn game, Darooha variation "]
[ECO "D02"]
[Time "11:00:22"]
[PlyCount "102"]
[TimeControl "2700+45"]

1. Nf3 Nf6 2. d4 d5 3. g3 e6 4. Bg2 c5 5. b3 cxd4 6. Qxd4 Nc6 7. Qd1 Bb4+ 8. c3
Bd6 9. O-O Qe7 10. Re1 O-O 11. b4 Bd7 12. a3 Rac8 13. Bb2 e5 14. Nbd2 Rfd8 15.
Rc1 b5 16. e4 dxe4 17. Nxe4 Nxe4 18. Rxe4 Bf5 19. Re1 Bxb4 20. cxb4 Rxd1 21.
Rexd1 f6 22. Re1 Be6 23. Re3 Bc4 24. Bh3 Rd8 25. Bg2 Qd6 26. Rec3 Nd4 27. Nxd4
exd4 28. R3c2 d3 29. Rd2 Qe6 30. Bc3 Qf5 31. Re1 Kf8 32. Re3 Re8 33. Bd4 Rxe3
34. fxe3 a6 35. Rf2 Qd7 36. Rd2 Qc7 37. Be4 a5 38. Bc5+ Kf7 39. Bxd3 axb4 40.
Bxc4+ bxc4 41. axb4 Qc6 42. Rd4 Qa6 43. Rd7+ Kg6 44. Ra7 Qc8 45. Ra1 Qf5 46. Rc1
Qd5 47. Re1 c3 48. e4 Qd2 49. Rf1 c2 50. b5 c1=Q 51. Rxc1 Qxc1+ {White resigns}
0-1

[Event "Team 45 45 League T97"]
[Site "Internet Chess Club"]
[Date "2023.09.11"]
[Round "5"]
[White "primerpaso"]
[Black "iSeba"]
[Result "1/2-1/2"]
[WhiteElo "1781"]
[BlackElo "1986"]
[Opening "English opening"]
[ECO "A17"]
[Time "18:02:55"]
[PlyCount "32"]
[TimeControl "2700+45"]

1. c4 Nf6 2. Nc3 e6 3. g3 d5 4. cxd5 exd5 5. d4 c6 6. Bg2 Bd6 7. Nf3 O-O 8. O-O
h6 9. a3 a5 10. Bf4 Be7 11. Rc1 Nbd7 12. h3 g5 13. Be3 Ne4 14. Nxe4 dxe4 15. Ne5
Kg7 16. Qc2 f5 {Game drawn by mutual agreement} 1/2-1/2

[Event "Team 45 45 League T97"]
[Site "Internet Chess Club"]
[Date "2023.09.07"]
[Round "5"]
[White "ARMAND02019"]
[Black "QuieroAprender"]
[Result "1/2-1/2"]
[WhiteElo "1591"]
[BlackElo "1586"]
[Opening "King's Indian defense, 3.Nc3"]
[ECO "E61"]
[Time "11:05:18"]
[PlyCount "36"]
[TimeControl "2700+45"]

1. d4 Nf6 2. c4 g6 3. Nc3 Bg7 4. g3 d6 5. Bg2 c6 6. Nf3 Bg4 7. O-O Qc8 8. e4
Nbd7 9. Qd3 e5 10. d5 Nc5 11. Qc2 cxd5 12. exd5 Bh3 13. Re1 Bxg2 14. Kxg2 O-O
15. Bg5 Qg4 16. Bxf6 Bxf6 17. Ne4 Nxe4 18. Rxe4 Qf5 {Game drawn by mutual
agreement} 1/2-1/2

[Event "Team 45 45 League T97"]
[Site "Internet Chess Club"]
[Date "2023.09.10"]
[Round "5"]
[White "vollmerj"]
[Black "kabindra"]
[Result "0-1"]
[WhiteElo "1544"]
[BlackElo "1660"]
[Opening "Queen's pawn game, Chigorin variation"]
[ECO "D02"]
[Time "13:06:11"]
[PlyCount "44"]
[TimeControl "2700+45"]

1. Nf3 d5 2. d4 Nc6 3. g3 Bf5 4. Bg2 Qd7 5. c3 Bh3 6. O-O h5 7. Ne5 Nxe5 8. dxe5
h4 9. Bf4 Bxg2 10. Kxg2 g5 11. Bxg5 hxg3 12. fxg3 Qh3+ 13. Kf3 Qf5+ 14. Bf4 Qe4+
15. Kf2 Rxh2+ 16. Ke1 Bh6 17. Nd2 Qg2 18. Nf3 Bxf4 19. gxf4 Qg3+ 20. Kd2 Qxf4+
21. Kc2 Qe4+ 22. Qd3 Rxe2+ {White resigns} 0-1

[Event "Team 45 45 League T97"]
[Site "Internet Chess Club"]
[Date "2023.09.07"]
[Round "5"]
[White "isolani"]
[Black "Gilguli"]
[Result "1-0"]
[WhiteElo "1536"]
[BlackElo "1455"]
[Opening "QGD semi-Slav: neo-Meran (Lundin variation)"]
[ECO "D47"]
[Time "17:02:17"]
[PlyCount "63"]
[TimeControl "2700+45"]

1. d4 d5 2. Nf3 Nf6 3. c4 e6 4. Nc3 c6 5. e3 Nbd7 6. Bd3 dxc4 7. Bxc4 b5 8. Bd3
b4 9. Ne4 a5 10. O-O Qc7 11. Nxf6+ Nxf6 12. e4 Ba6 13. Be3 Be7 14. Rc1 O-O 15.
Ne5 Bxd3 16. Rxc6 Qb7 17. Qxd3 Rfd8 18. Rfc1 Bd6 19. Qc2 Bxe5 20. dxe5 Ng4 21.
Bf4 Qb5 22. Rc5 Qb8 23. h3 Nh6 24. Bxh6 gxh6 25. Qe2 Ra7 26. Qh5 Rad7 27. Rxa5
Rd2 28. Rac5 Qa8 29. Rc7 R2d7 30. Qxh6 Rxc7 31. Rxc7 Qxe4 32. Qg5+ {Black
resigns} 1-0

[Event "Team 45 45 League T97"]
[Site "Internet Chess Club"]
[Date "2023.09.10"]
[Round "5"]
[White "Goli"]
[Black "LookImYourVader"]
[Result "0-1"]
[WhiteElo "1780"]
[BlackElo "1763"]
[Opening "Scandinavian defense"]
[ECO "B01"]
[Time "16:00:49"]
[PlyCount "74"]
[TimeControl "2700+45"]

1. e4 d5 2. exd5 Nf6 3. Nf3 Nxd5 4. h3 g6 5. d4 Bg7 6. Bc4 O-O 7. O-O Nc6 8. c3
Bf5 9. a4 e5 10. dxe5 Nb6 11. Bb3 Nxe5 12. Nxe5 Qxd1 13. Rxd1 Bxe5 14. Be3 Rfd8
15. Nd2 Bf6 16. Nf3 Be4 17. Ng5 Bd5 18. Bxd5 Nxd5 19. Ne4 Nxe3 20. Nxf6+ Kg7 21.
Rxd8 Rxd8 22. fxe3 Kxf6 23. Rf1+ Ke6 24. Rf2 Rd1+ 25. Kh2 Re1 26. Rf3 a5 27. c4
Re2 28. b3 f5 29. Kg1 Rb2 30. e4 fxe4 31. Re3 Ke5 32. Kf1 Kd4 33. Rg3 e3 34. Rg5
c6 35. Rxa5 Kd3 36. Kg1 Rb1+ 37. Kh2 e2 {White resigns} 0-1

[Event "Team 45 45 League T97"]
[Site "Internet Chess Club"]
[Date "2023.09.12"]
[Round "5"]
[White "fishhead"]
[Black "fhunfi"]
[Result "0-1"]
[WhiteElo "1690"]
[BlackElo "1691"]
[Opening "French: Winawer, advance variation"]
[ECO "C18"]
[Time "10:03:32"]
[PlyCount "78"]
[TimeControl "2700+45"]

1. e4 e6 2. d4 d5 3. Nc3 Bb4 4. e5 c5 5. a3 Bxc3+ 6. bxc3 Qa5 7. Bd2 Qa4 8. Nf3
b6 9. Bd3 Ba6 10. O-O Nc6 11. Be3 Bxd3 12. Qxd3 c4 13. Qd2 Nge7 14. Nh4 Ng6 15.
Bg5 Nxh4 16. Bxh4 h6 17. f4 g6 18. Bf6 Rh7 19. Rf3 Kd7 20. g4 Rg8 21. Rh3 Ke8
22. Kh1 Kd7 23. Qc1 Ke8 24. Qb2 Kd7 25. Rg1 Ke8 26. Qc1 Kd7 27. Rg2 Ke8 28. Rf2
Kd7 29. f5 gxf5 30. Rxh6 Rxh6 31. Qxh6 Qxa3 32. Bg7 Qxc3 33. gxf5 Qe1+ 34. Kg2
Qe4+ 35. Kh3 Nd8 36. Qh7 Qe3+ 37. Kg4 Rxg7+ 38. Qxg7 Qxf2 39. fxe6+ Nxe6 {White
resigns} 0-1

[Event "Team 45 45 League T97"]
[Site "Internet Chess Club"]
[Date "2023.09.11"]
[Round "5"]
[White "WillC"]
[Black "fireball"]
[Result "1-0"]
[WhiteElo "1554"]
[BlackElo "1526"]
[Opening "Modern defense"]
[ECO "A40"]
[Time "18:31:31"]
[PlyCount "75"]
[TimeControl "2700+45"]

1. d4 g6 2. Nf3 Bg7 3. Bf4 d5 4. e3 Nf6 5. h3 c5 6. c3 cxd4 7. exd4 O-O 8. Bd3
Nh5 9. Bh2 f5 10. Nbd2 Nc6 11. O-O f4 12. Re1 Bf5 13. Qe2 Qb6 14. Nb3 Rae8 15.
Nc5 e5 16. Bxf5 Rxf5 17. Nd7 Qc7 18. Ndxe5 Nxe5 19. Nxe5 Bxe5 20. dxe5 Rfxe5 21.
Qd2 Rxe1+ 22. Rxe1 Rxe1+ 23. Qxe1 Qf7 24. Qe5 Qf5 25. Qxf5 gxf5 26. Kf1 Kf7 27.
Ke2 Ke6 28. Kd3 Ke5 29. Bg1 Ng7 30. f3 Ne6 31. Bxa7 b5 32. b3 h5 33. a4 bxa4 34.
bxa4 Nc7 35. Bb8 Kd6 36. Kd4 Kd7 37. Bxc7 Kxc7 38. Kxd5 {Black resigns} 1-0

[Event "Team 45 45 League T97"]
[Site "Internet Chess Club"]
[Date "2023.09.11"]
[Round "5"]
[White "jfkingiii"]
[Black "ChessMaine"]
[Result "1-0"]
[WhiteElo "1470"]
[BlackElo "1456"]
[Opening "French: Fort Knox variation"]
[ECO "C10"]
[Time "19:00:16"]
[PlyCount "105"]
[TimeControl "2700+45"]

1. e4 e6 2. d4 d5 3. Nc3 dxe4 4. Nxe4 Bd7 5. Nf3 Bc6 6. Bd3 Nd7 7. O-O Ngf6 8.
Ng3 Be7 9. c3 O-O 10. Re1 h6 11. Bf4 b6 12. Ne4 Nxe4 13. Bxe4 Bxe4 14. Rxe4 Nf6
15. Re1 c5 16. Qe2 Bd6 17. Bxd6 Qxd6 18. Rad1 Rfd8 19. dxc5 Qxc5 20. Nd4 Rd6 21.
Nb3 Qc7 22. Rxd6 Qxd6 23. Rd1 Qc7 24. h3 Rd8 25. Rxd8+ Qxd8 26. Qd2 Qxd2 27.
Nxd2 Kf8 28. Kf1 Ke7 29. Ke2 Kd6 30. Nc4+ Kd5 31. Kd3 Nd7 32. Ne3+ Kc5 33. b3
Nf6 34. g4 Nd7 35. f4 g5 36. f5 Nf6 37. a4 h5 38. b4+ Kd6 39. fxe6 Kxe6 40. Kd4
hxg4 41. hxg4 Nd7 42. c4 Ne5 43. c5 bxc5+ 44. bxc5 Nc6+ 45. Ke4 a6 46. Nf5 Ne5
47. Nd4+ Kf6 48. c6 Nc4 49. c7 Ke7 50. Kd5 Nd6 51. Nf5+ Kd7 52. Nxd6 Kxc7 53.
Nxf7 {Black resigns} 1-0

[Event "Team 45 45 League T97"]
[Site "Internet Chess Club"]
[Date "2023.09.09"]
[Round "5"]
[White "ChessG2011"]
[Black "julesraider"]
[Result "0-1"]
[WhiteElo "1411"]
[BlackElo "1634"]
[Opening "Caro-Kann: advance variation"]
[ECO "B12"]
[Time "19:00:34"]
[PlyCount "82"]
[TimeControl "2700+45"]

1. e4 c6 2. d4 d5 3. e5 c5 4. c3 Nc6 5. Bb5 cxd4 6. cxd4 a6 7. Bxc6+ bxc6 8. Ne2
Qb6 9. O-O Bg4 10. f3 Bh5 11. g4 Bg6 12. Kg2 e6 13. Nf4 Ne7 14. Na3 h5 15. Nxg6
Nxg6 16. Nc2 hxg4 17. fxg4 Nh4+ 18. Kg3 Be7 19. Qd2 a5 20. Qf2 Rf8 21. b3 a4 22.
Rb1 Ng6 23. Qf3 axb3 24. Rxb3 Bh4+ 25. Kg2 Qc7 26. a3 Be7 27. h3 Nh4+ 28. Kg3
Nxf3 29. Rfxf3 Rh8 30. Kg2 Ra4 31. Rfd3 f6 32. exf6 gxf6 33. Rb1 Kf7 34. Rf3 Rc4
35. Rb2 Bxa3 36. Rb1 Rxc2+ 37. Kg1 Rxc1+ 38. Rxc1 Bxc1 39. Rb3 Qf4 40. Rb7+ Kg6
41. Rg7+ Kxg7 {White forfeits on time} 0-1

[Event "Team 45 45 League T97"]
[Site "Internet Chess Club"]
[Date "2023.09.08"]
[Round "5"]
[White "burlap"]
[Black "seattleblues"]
[Result "0-1"]
[WhiteElo "1375"]
[BlackElo "1369"]
[Opening "Queen's pawn, Mason variation, Steinitz counter-gambit"]
[ECO "D00"]
[Time "20:02:46"]
[PlyCount "56"]
[TimeControl "2700+45"]

1. d4 d5 2. Bf4 c5 3. e3 Nc6 4. c3 Nf6 5. h3 Bf5 6. Nd2 e6 7. Ngf3 Bd6 8. Bxd6
Qxd6 9. Be2 O-O 10. O-O Rac8 11. Nh4 Be4 12. f3 Bg6 13. Nxg6 fxg6 14. e4 cxd4
15. exd5 Nxd5 16. Ne4 Qe7 17. Qd2 Ne3 18. Rfc1 Rcd8 19. cxd4 Nf5 20. Rc4 Ncxd4
21. Bd3 e5 22. Kf2 Qh4+ 23. Kg1 Nd6 24. Nxd6 Rxd6 25. Qf2 Qg5 26. Rc7 Nxf3+ 27.
Kh1 Nh4 28. Qxa7 Qxg2# {White checkmated} 0-1

[Event "Team 45 45 League T97"]
[Site "Internet Chess Club"]
[Date "2023.09.09"]
[Round "5"]
[White "Tjet"]
[Black "Toalla"]
[Result "1/2-1/2"]
[WhiteElo "1284"]
[BlackElo "1102"]
[Opening "English opening"]
[ECO "A30"]
[Time "19:01:51"]
[PlyCount "78"]
[TimeControl "2700+45"]

1. Nf3 Nf6 2. c4 c5 3. g3 b6 4. Bg2 Bb7 5. O-O d5 6. cxd5 Bxd5 7. Nc3 Bb7 8. d3
e6 9. b3 g6 10. Bb2 Bg7 11. Qc2 O-O 12. Rfe1 Nbd7 13. Rad1 Qc7 14. e3 Rad8 15.
Nb5 Qb8 16. a4 a6 17. Na3 Qc7 18. Nc4 b5 19. axb5 axb5 20. Ncd2 Rfe8 21. d4 Nd5
22. dxc5 Qxc5 23. Qxc5 Nxc5 24. Bxg7 Kxg7 25. Nd4 b4 26. Nb1 e5 27. Nc2 Nc3 28.
Rxd8 Rxd8 29. Nxb4 Nxb1 30. Rxb1 Bxg2 31. Kxg2 Rb8 32. Nc6 Rxb3 33. Rxb3 Nxb3
34. Nxe5 f6 35. Nd3 Kf7 36. h4 h5 37. f4 Ke6 38. Kf2 Kf5 39. Ne1 g5 {Game drawn
by mutual agreement} 1/2-1/2

[Event "Team 45 45 League T97"]
[Site "Internet Chess Club"]
[Date "2023.09.09"]
[Round "5"]
[White "jjmolina1"]
[Black "BlueStorm"]
[Result "1/2-1/2"]
[WhiteElo "1470"]
[BlackElo "1461"]
[Opening "Caro-Kann defense"]
[ECO "B10"]
[Time "09:00:26"]
[PlyCount "91"]
[TimeControl "2700+45"]

1. e4 c6 2. Nf3 d5 3. d3 dxe4 4. dxe4 Qxd1+ 5. Kxd1 Bg4 6. Be2 Nd7 7. Ne1 Bxe2+
8. Kxe2 O-O-O 9. Nd3 e6 10. Rd1 Bd6 11. g3 Ngf6 12. f3 e5 13. Nc3 Nc5 14. Be3
Nxd3 15. Rxd3 Bb8 16. Rad1 Rxd3 17. Rxd3 Rd8 18. Bg5 Rxd3 19. Kxd3 Nd7 20. Be3
b6 21. b3 Bd6 22. g4 Bc5 23. Na4 Bxe3 24. Kxe3 Kc7 25. Kd3 g5 26. Nb2 Nc5+ 27.
Ke3 Ne6 28. c3 b5 29. Nd3 f6 30. b4 Kb6 31. a3 c5 32. Kd2 c4 33. Nf2 Nf4 34. Nd1
h5 35. Ne3 hxg4 36. Nxg4 Nh5 37. Ne3 a5 38. Nd5+ Ka6 39. Nc7+ Kb6 40. Nd5+ Ka6
41. Nc7+ Kb6 42. Nd5+ Ka6 43. Nc7+ Kb6 44. Nd5+ Ka6 45. Nc7+ Kb6 46. Nd5+ {Game
drawn by repetition} 1/2-1/2

[Event "Team 45 45 League T97"]
[Site "Internet Chess Club"]
[Date "2023.09.10"]
[Round "5"]
[White "BrerRabbit"]
[Black "tightfist"]
[Result "1-0"]
[WhiteElo "1362"]
[BlackElo "1405"]
[Opening "Queen's pawn"]
[ECO "E06"]
[Time "19:08:44"]
[PlyCount "109"]
[TimeControl "2700+45"]

1. d4 e6 2. Nf3 d5 3. g3 Be7 4. Bg2 Nf6 5. O-O O-O 6. c4 c5 7. cxd5 exd5 8. dxc5
Bxc5 9. a3 a5 10. Nc3 Nc6 11. Nb5 Be6 12. Nfd4 Nxd4 13. Nxd4 h6 14. Be3 Rc8 15.
h3 Qd7 16. Kh2 Rfd8 17. Rc1 b6 18. Qb3 Ne4 19. Rfd1 a4 20. Qd3 Bxd4 21. Bxd4 Nc5
22. Bxc5 Rxc5 23. Qd4 Rdc8 24. Qd2 Rxc1 25. Rxc1 Rxc1 26. Qxc1 Kf8 27. Qd2 Qb5
28. e3 f5 29. Kg1 Kf7 30. Bf1 Qc5 31. f4 Kf6 32. Qd4+ Qxd4 33. exd4 Bd7 34. Kf2
g5 35. Ke3 b5 36. Be2 Be8 37. Kd2 h5 38. Kc3 h4 39. gxh4 gxh4 40. Kb4 Ke6 41.
Bxb5 Bh5 42. Kxa4 Bf3 43. Bf1 Kd6 44. Kb5 Kc7 45. a4 Kb7 46. a5 Bd1 47. b4 Bf3
48. Kc5 Ka7 49. b5 Kb7 50. a6+ Ka7 51. b6+ Kb8 52. Kc6 Ka8 53. b7+ Kb8 54. a7+
Kxa7 55. Kc7 {Black resigns} 1-0

[Event "Team 45 45 League T97"]
[Site "Internet Chess Club"]
[Date "2023.09.09"]
[Round "5"]
[White "kabubi"]
[Black "smsxman"]
[Result "1-0"]
[WhiteElo "1194"]
[BlackElo "1380"]
[Opening "two knights: Max Lange attack, Steinitz variation"]
[ECO "C55"]
[Time "09:30:25"]
[PlyCount "63"]
[TimeControl "2700+45"]

1. e4 e5 2. Nf3 Nc6 3. Bc4 Nf6 4. d4 exd4 5. O-O Bc5 6. e5 Ng4 7. Re1 O-O 8. h3
Nxf2 9. Kxf2 d3+ 10. Kf1 dxc2 11. Qxc2 Re8 12. Ng5 d5 13. Qxh7+ Kf8 14. Qh8+ Ke7
15. Qxg7 Rf8 16. e6 dxc4 17. exf7+ Kd7 18. Rd1+ Bd6 19. Ne4 Qe7 20. Nf6+ Kd8 21.
Re1 Qxf7 22. Qxf7 Be7 23. Qd5+ Bd6 24. Re8+ Rxe8 25. Nxe8 Kxe8 26. Qg8+ Kd7 27.
Bg5 b5 28. Qf7+ Ne7 29. Nc3 Ba6 30. Rd1 b4 31. Qxe7+ Kc6 32. Qe4+ {Black
resigns} 1-0